[Event "Titled Tuesday Blitz May 25 2021"]
[White "Gabrielian, Artur"]
[Black "Aliavdin, Nikolai"]
[WhiteFideId "4131002"]
[BlackFideId "13502883"]
[WhiteElo "2539"]
[BlackElo "2268"]
[Result "1-0"]
[Round "09"]
[TimeControl "180+1"]
[Date "2021.05.25"]
[WhiteClock "0:00:10"]
[BlackClock "0:00:11"]

1. e4 c5 2. Nf3 d6 3. d4 cxd4 4. Nxd4 Nf6 5. Nc3 a6 6. Be2 e5 7. Nf3 Be7 8. Bg5 Nbd7 9. a4 b6 10. O-O Bb7 11. Nd2 O-O 12. Bc4 h6 13. Be3 Nc5 14. Bxc5 dxc5 15. Qe2 Qc8 16. h3 Bc6 17. Nf3 Bd6 18. Rfd1 Bc7 19. Nh4 Bd7 20. Rd3 Be6 21. Nd5 Bxd5 22. Bxd5 Nxd5 23. Rxd5 g6 24. Nf3 Qe6 25. Rad1 Rfd8 26. Rxd8+ Bxd8 27. Rd5 Bc7 28. Qd3 Kg7 29. b3 Qc6 30. Nxe5 Qe6 31. Nf3 Re8 32. Rd7 Bb8 33. Rb7 Qc6 34. Qd5 Qf6 35. e5 Bxe5 36. Nxe5 Rxe5 37. Rxf7+ Qxf7 38. Qxe5+ Kh7 39. a5 Qb7 40. axb6 Qxb6 41. h4 h5 42. g3 a5 43. Qe7+ Kh8 44. Qe8+ Kg7 45. Qd7+ Kg8 46. Kg2 Qb4 47. Qd5+ Kg7 48. Qe5+ Kg8 49. Qe6+ Kg7 50. Qe7+ Kg8 51. Kf1 Qc3 52. Qe6+ Kg7 53. Qd7+ Kg8 54. Qd3 Qa1+ 55. Kg2 Kg7 56. Qd7+ Kg8 57. Qc8+ Kh7 58. Qxc5 Qa2 59. Qc7+ Kh6 60. Qf4+ Kg7 61. Qe4 Qa3 62. Qd5 Qb4 63. Kf3 Qe1 64. Qd7+ Kh8 65. Qd4+ Kh7 66. Qd3 Qh1+ 67. Ke2 Qa1 68. Qd7+ Kh6 69. Qd2+ Kh7 70. f4 Qh1 71. Qe3 Qg2+ 72. Kd3 Qd5+ 73. Kc3 Qc6+ 74. Kb2 Qb5 75. c3 Qa6 76. Qe7+ Kh6 77. Ka3 Qb5 78. Qf8+ Kh7 79. Qd6 Qf1 80. Ka4 Qa1+ 81. Kb5 Qa2 82. Qe7+ Kh6 83. Qf8+ Kh7 84. Qf7+ Kh6 85. Qc4 Kh7 86. Qf7+ Kh6 87. Qg8 g5 88. hxg5# 1-0


[Site "https://www.chess.com"]

[Event "Titled Tuesday Blitz May 25 2021"]
[White "Garcia, Gabriel Gonzaga"]
[Black "Garcia Ramos, Daniel"]
[WhiteFideId "2138956"]
[BlackFideId "32010311"]
[WhiteElo "2240"]
[BlackElo "2334"]
[Result "0-1"]
[Round "09"]
[TimeControl "180+1"]
[Date "2021.05.25"]
[WhiteClock "0:00:02"]
[BlackClock "0:00:54"]

1. e4 e6 2. Nf3 d5 3. Nc3 dxe4 4. Nxe4 Be7 5. d4 Nf6 6. Bd3 O-O 7. Bf4 Nbd7 8. Nxf6+ Nxf6 9. O-O c5 10. dxc5 Bxc5 11. Ne5 Qd4 12. Qf3 Nd5 13. Bg3 Qxb2 14. Rab1 Qc3 15. Rb3 Qd2 16. Qh5 Nf6 17. Qh4 Qh6 18. Qxh6 gxh6 19. Bh4 Nd5 20. c4 Nf4 21. Be4 Ng6 22. Bf6 Bd6 23. Ng4 Bf4 24. Rh3 e5 25. Nxh6+ Bxh6 26. Rxh6 Be6 27. Bxb7 Bxc4 28. Bxa8 Bxf1 29. Bd5 Bd3 30. g3 Rc8 31. h4 Rc5 32. Bb3 Bc2 33. h5 Nf8 34. Bxc2 Rxc2 35. Bxe5 Ne6 36. a3 Ra2 37. Rf6 Rxa3 38. Rf3 Rxf3 0-1


[Site "https://www.chess.com"]

[Event "Titled Tuesday Blitz May 25 2021"]
[White "Ghimpu, Samuel-Timotei"]
[Black "Sawlin, Leonid"]
[WhiteFideId "1238175"]
[BlackFideId "4689542"]
[WhiteElo "2026"]
[BlackElo "2412"]
[Result "0-1"]
[Round "09"]
[TimeControl "180+1"]
[Date "2021.05.25"]
[WhiteClock "0:00:04"]
[BlackClock "0:00:11"]

1. e4 e6 2. f4 d5 3. e5 c5 4. Nf3 Nc6 5. c3 Nge7 6. Na3 h6 7. d4 a6 8. Nc2 Nf5 9. Bd3 Qb6 10. Bxf5 exf5 11. O-O Be6 12. Qe2 Be7 13. Kh1 c4 14. Ne3 Qd8 15. h3 g5 16. Nh2 Qd7 17. Qf2 gxf4 18. Qxf4 Bg5 19. Qf3 Ne7 20. g3 O-O-O 21. b3 cxb3 22. axb3 Rdg8 23. Ng2 f4 24. gxf4 Bxh3 25. fxg5 hxg5 26. Kg1 g4 27. Qxf7 g3 28. Nf3 Bxg2 29. e6 Qc7 30. Bf4 Bxf3 31. Rxf3 g2 32. Bxc7 Rh1+ 33. Kf2 Rxa1 34. Qxg8+ Nxg8 35. Rf8+ Kxc7 36. Rxg8 Kd6 37. Kxg2 Kxe6 38. Rb8 Rc1 39. Rxb7 Rxc3 40. Rb6+ Kf5 41. Rxa6 Ke4 42. Kf2 Kxd4 43. b4 Rb3 44. Rb6 Kc4 45. Ke2 Rb2+ 46. Kd1 d4 47. b5 Kc3 48. Rc6+ Kd3 49. Kc1 Rxb5 50. Rh6 Re5 51. Rh3+ Re3 52. Rh2 Re1+ 53. Kb2 Re2+ 0-1


[Site "https://www.chess.com"]

[Event "Titled Tuesday Blitz May 25 2021"]
[White "Guimaraes, Diogo Duarte"]
[Black "Fayzullaev, Akmal"]
[WhiteFideId "2112450"]
[BlackFideId "14200554"]
[WhiteElo "2263"]
[BlackElo "2264"]
[Result "0-1"]
[Round "09"]
[TimeControl "180+1"]
[Date "2021.05.25"]
[WhiteClock "0:00:14"]
[BlackClock "0:01:38"]

1. e4 c5 2. Nf3 Nc6 3. Bb5 Nf6 4. e5 Ng4 5. Qe2 g6 6. h3 Nh6 7. d3 Nf5 8. Bxc6 dxc6 9. Nc3 Bg7 10. Be3 b6 11. g4 Nd4 12. Bxd4 cxd4 13. Ne4 Qd5 14. Nf6+ Bxf6 15. exf6 Be6 16. fxe7 Kxe7 17. Rg1 Rhe8 18. h4 h5 19. gxh5 gxh5 20. Qe4 Qxe4+ 21. dxe4 c5 22. Ng5 Bc4 0-1


[Site "https://www.chess.com"]

[Event "Titled Tuesday Blitz May 25 2021"]
[White "Herrera Reyes, Jose Antonio"]
[Black "Costachi, Mihnea"]
[WhiteFideId "2274914"]
[BlackFideId "1217518"]
[WhiteElo "2581"]
[BlackElo "2747"]
[Result "0-1"]
[Round "09"]
[TimeControl "180+1"]
[Date "2021.05.25"]
[WhiteClock "0:00:29"]
[BlackClock "0:00:46"]

1. Nf3 Nf6 2. g3 g6 3. Bg2 Bg7 4. d3 O-O 5. Nc3 d6 6. h4 Nc6 7. h5 Nxh5 8. Bg5 f6 9. Be3 e5 10. Qd2 d5 11. Bh6 e4 12. dxe4 dxe4 13. Nxe4 Qxd2+ 14. Bxd2 Re8 15. Nc5 f5 16. Nd3 Nf6 17. O-O-O Ne4 18. Be1 Be6 19. Kb1 Rad8 20. Nd2 Bf7 21. Nb3 b6 22. f3 Nd6 23. Nbc1 Nc4 24. e4 Ne3 25. Rd2 fxe4 26. fxe4 Nxg2 27. Rxg2 Rxe4 28. Rgh2 h5 29. Nf4 Rd1 30. Nd3 Ne5 31. Nf2 Rdxe1 32. Nxe4 Rxe4 33. Rd1 Nc4 34. Rd8+ Kh7 35. Rd7 Kg8 36. Nd3 Be6 37. Rxc7 Nxb2 38. Rxg7+ Kxg7 39. Kxb2 Re3 40. Rg2 Bd5 41. Rg1 Be4 42. Nf4 Kh6 43. Kc1 g5 44. Nh3 Re2 45. Rf1 Rxc2+ 46. Kd1 Rxa2 47. Rf6+ Bg6 48. Ke1 b5 49. Rc6 b4 50. Rc5 b3 51. Rb5 b2 0-1


[Site "https://www.chess.com"]

[Event "Titled Tuesday Blitz May 25 2021"]
[White "Hess, Robert"]
[Black "Nitish Belurkar"]
[WhiteFideId "2022036"]
[BlackFideId "5084768"]
[WhiteElo "2736"]
[BlackElo "2625"]
[Result "0-1"]
[Round "09"]
[TimeControl "180+1"]
[Date "2021.05.25"]
[WhiteClock "0:00:01"]
[BlackClock "0:01:10"]

1. b3 d6 2. Bb2 e5 3. e3 Nf6 4. d4 exd4 5. exd4 Be7 6. Nf3 O-O 7. Bd3 b6 8. O-O Bb7 9. c4 Nbd7 10. d5 c6 11. dxc6 Bxc6 12. Nd4 Bb7 13. Nf5 Re8 14. Nc3 Bf8 15. Nb5 Nc5 16. Bc2 d5 17. cxd5 Qxd5 18. Qxd5 Nxd5 19. Rfd1 Re2 20. Nbd4 Ree8 21. Nb5 Re2 22. Nfd4 Ree8 23. Bf5 a6 24. Nc3 Rad8 25. Bg4 Nf4 26. Bf3 Nfd3 27. Na4 Nxa4 28. Bxb7 Naxb2 29. Nc6 Nxd1 30. Rxd1 Rd7 31. Bxa6 Nc5 32. Rxd7 Nxd7 33. g4 0-1


[Site "https://www.chess.com"]

[Event "Titled Tuesday Blitz May 25 2021"]
[White "Isajevsky, Anton"]
[Black "Sjugirov, Sanan"]
[WhiteFideId "4142500"]
[BlackFideId "4189302"]
[WhiteElo "2579"]
[BlackElo "2979"]
[Result "0-1"]
[Round "09"]
[TimeControl "180+1"]
[Date "2021.05.25"]
[WhiteClock "0:00:18"]
[BlackClock "0:01:15"]

1. c4 c5 2. Nc3 g6 3. g3 Bg7 4. Bg2 Nc6 5. Rb1 d6 6. a3 e6 7. b4 Nge7 8. Nf3 O-O 9. O-O Rb8 10. e3 b6 11. Qb3 Bb7 12. Bb2 d5 13. cxd5 exd5 14. bxc5 bxc5 15. d3 d4 16. Ne4 Na5 17. Qc2 Bxe4 18. dxe4 d3 19. Qc1 Bxb2 20. Rxb2 Rxb2 21. Qxb2 c4 22. Qc3 Nec6 23. Nd2 Qe7 24. Rb1 Qe5 25. Rc1 Rb8 26. Bf1 Qxc3 27. Rxc3 Ne5 28. f4 Rb2 0-1


[Site "https://www.chess.com"]

[Event "Titled Tuesday Blitz May 25 2021"]
[White "Iskusnyh, Sergei"]
[Black "davigator"]
[WhiteFideId "4120027"]
[WhiteElo "2492"]
[BlackElo "2447"]
[Result "1-0"]
[Round "09"]
[TimeControl "180+1"]
[Date "2021.05.25"]
[WhiteClock "0:00:56"]
[BlackClock "0:01:05"]

1. d4 Nf6 2. c4 e6 3. g3 Bb4+ 4. Bd2 a5 5. Bg2 d5 6. Qc2 c6 7. Nf3 O-O 8. O-O b6 9. a3 Be7 10. Bg5 Ba6 11. Nbd2 Nbd7 12. Rfc1 Rc8 13. Qd1 h6 14. Bxf6 gxf6 15. e3 Kg7 16. Bf1 Nb8 17. cxd5 cxd5 18. Rxc8 Qxc8 19. Rc1 Qb7 20. Bxa6 Nxa6 21. Qc2 Rd8 22. Qc6 Rd7 23. Nb1 Nb8 24. Qc8 Bd6 25. Kg2 Rc7 26. Qxb7 Rxb7 27. Ne1 Rc7 28. Rxc7 Bxc7 29. Nc3 Kf8 30. Nb5 Bd8 31. Nd3 Ke7 32. Kf3 Kd7 33. Kg4 f5+ 34. Kh5 Nc6 35. Kxh6 Ke7 36. Kg7 e5 37. Nxe5 Nxe5 38. dxe5 Ke6 39. Nd4+ Kxe5 40. Nc6+ 1-0


[Site "https://www.chess.com"]

[Event "Titled Tuesday Blitz May 25 2021"]
[White "Jarovinsky, Alexey"]
[Black "Vogel, Roven"]
[WhiteFideId "14115131"]
[BlackFideId "12908088"]
[WhiteElo "2446"]
[BlackElo "2516"]
[Result "1-0"]
[Round "09"]
[TimeControl "180+1"]
[Date "2021.05.25"]
[WhiteClock "0:00:09"]
[BlackClock "0:00:08"]

1. Nc3 d5 2. e4 d4 3. Nce2 e5 4. Ng3 Be6 5. c3 Bc5 6. Nf3 f6 7. cxd4 Bxd4 8. Nxd4 Qxd4 9. Bb5+ c6 10. Be2 Ne7 11. O-O O-O 12. d3 c5 13. Qc2 b6 14. Be3 Qd6 15. f4 Nbc6 16. f5 Bf7 17. Bh5 Nb4 18. Bxf7+ Rxf7 19. Qa4 Qxd3 20. Bf2 Qa6 21. Qb3 Qd3 22. Qe6 Rd8 23. Rfd1 Qxd1+ 24. Rxd1 Rxd1+ 25. Nf1 Nbc6 26. g4 Kf8 27. Kg2 Ke8 28. Ne3 Rd8 29. Nc4 Rf8 30. Nd6+ Rxd6 31. Qxd6 Kf7 32. Qe6+ Ke8 33. a3 Kd8 34. b4 cxb4 35. axb4 b5 36. Bc5 Re8 37. Bxa7 Nxa7 38. Qb6+ Kc8 39. Qxa7 Nc6 40. Qxg7 Rd8 41. Qxf6 Rd2+ 42. Kh3 Nd4 43. Qh8+ Kd7 44. Qxh7+ Kc8 45. Qh8+ Kb7 46. Qg7+ Kc8 47. g5 Rd3+ 48. Kg4 Nc2 49. Qxe5 Ne3+ 50. Kh5 Nc4 51. Qe6+ Kc7 52. f6 Nd6 53. f7 Rf3 54. Qe7+ Kc6 55. f8=Q Rh3+ 56. Kg6 Nb7 57. Qe6+ 1-0


[Site "https://www.chess.com"]

[Event "Titled Tuesday Blitz May 25 2021"]
[White "Jobava, Baadur"]
[Black "Aradhya, Garg"]
[WhiteFideId "13601520"]
[BlackFideId "25006746"]
[WhiteElo "2748"]
[BlackElo "2146"]
[Result "0-1"]
[Round "09"]
[TimeControl "180+1"]
[Date "2021.05.25"]
[WhiteClock "0:00:11"]
[BlackClock "0:00:24"]

1. e4 e5 2. d4 exd4 3. Nf3 Nc6 4. Nxd4 Nf6 5. Nxc6 bxc6 6. Bd3 d5 7. exd5 cxd5 8. O-O Be7 9. Re1 O-O 10. h3 c5 11. b3 a5 12. Nc3 Bd7 13. Bg5 Bc6 14. Qf3 h6 15. Bh4 Re8 16. Rad1 Qd6 17. Bb5 Bxb5 18. Nxb5 Qd7 19. a4 Rad8 20. Qc3 Qf5 21. Bxf6 Bxf6 22. Rxe8+ Rxe8 23. Qxc5 Re2 24. c4 Be7 25. Qxd5 Qxf2+ 26. Kh1 Bf6 27. c5 Re1+ 0-1


[Site "https://www.chess.com"]

[Event "Titled Tuesday Blitz May 25 2021"]
[White "Kamsky, Gata"]
[Black "Rostovtsev, Dmitry"]
[WhiteFideId "2000024"]
[BlackFideId "34278320"]
[WhiteElo "2644"]
[BlackElo "2143"]
[Result "1-0"]
[Round "09"]
[TimeControl "180+1"]
[Date "2021.05.25"]
[WhiteClock "0:00:20"]
[BlackClock "0:00:04"]

1. e4 e5 2. Nf3 Nc6 3. Bb5 a6 4. Ba4 Nf6 5. O-O Bc5 6. c3 O-O 7. d4 Ba7 8. Bg5 h6 9. Bh4 exd4 10. e5 g5 11. Bg3 Ne4 12. Nxd4 Nxg3 13. hxg3 Nxe5 14. f4 Nc6 15. Kh2 Nxd4 16. cxd4 Qf6 17. Nc3 d5 18. Nxd5 Qxd4 19. Nxc7 Qxd1 20. Raxd1 Rb8 21. Nd5 Kg7 22. f5 b5 23. Bb3 h5 24. f6+ Kh6 25. Ne7 Be6 26. Bxe6 fxe6 27. Nc6 Rb7 28. Rd6 Rb6 29. Rxe6 Bb8 30. f7+ Kg7 31. Nd4 Rb7 32. Re8 Rfxf7 33. Ne6+ Kg6 34. Rg8+ Kh7 35. Rxf7+ Rxf7 36. Rxb8 Kg6 37. Rb6 Kf6 38. Nd8+ 1-0


[Site "https://www.chess.com"]

[Event "Titled Tuesday Blitz May 25 2021"]
[White "Karavaeva, Olga"]
[Black "Matveev, Vladimir"]
[WhiteFideId "4124111"]
[BlackFideId "24130753"]
[WhiteElo "2105"]
[BlackElo "2383"]
[Result "0-1"]
[Round "09"]
[TimeControl "180+1"]
[Date "2021.05.25"]
[WhiteClock "0:00:08"]
[BlackClock "0:00:09"]

1. c4 Nf6 2. Nc3 g6 3. g3 Bg7 4. Bg2 O-O 5. d4 d6 6. Nf3 Nc6 7. O-O Bf5 8. h3 Ne4 9. Kh2 Nxc3 10. bxc3 Be4 11. Be3 Na5 12. Nd2 Bxg2 13. Kxg2 b6 14. Qc2 c5 15. d5 e5 16. dxe6 fxe6 17. Rad1 Qe7 18. h4 Rad8 19. Bg5 Qb7+ 20. f3 Rd7 21. h5 h6 22. Qxg6 hxg5 23. h6 Rf6 24. Qe8+ Bf8 25. Ne4 Rxh6 26. Rh1 Re7 27. Qd8 Qc7 28. Rxd6 Qxd8 29. Rxd8 Rxh1 30. Kxh1 Nxc4 31. Nxg5 Kg7 32. e4 Ne5 33. Ra8 Nf7 34. Nh3 e5 35. Nf2 Rd7 36. Ng4 Be7 37. Ne3 c4 38. a4 Rd3 39. Nf5+ Kf6 40. Rxa7 Bc5 41. a5 bxa5 42. Rxa5 Rxf3 43. Rxc5 Rxc3 44. Rc6+ Kg5 45. Kg2 Rc2+ 46. Kh3 c3 47. Rc8 Kg6 48. Ne7+ Kf6 49. Nd5+ Ke6 50. Nxc3 Ng5+ 51. Kg4 Nxe4 52. Re8+ Kf7 53. Rxe5 Nf6+ 54. Kf5 Rxc3 55. Re6 Rf3+ 56. Kg5 Kxe6 57. g4 Rg3 0-1


[Site "https://www.chess.com"]

[Event "Titled Tuesday Blitz May 25 2021"]
[White "Kazakouski, Valery"]
[Black "Madaminov, Mukhiddin"]
[WhiteFideId "13507443"]
[BlackFideId "14210703"]
[WhiteElo "2546"]
[BlackElo "1747"]
[Result "1-0"]
[Round "09"]
[TimeControl "180+1"]
[Date "2021.05.25"]
[WhiteClock "0:01:15"]
[BlackClock "0:00:17"]

1. d4 Nf6 2. Nf3 e6 3. c4 Bb4+ 4. Bd2 a5 5. g3 b6 6. Bg2 Bb7 7. O-O O-O 8. Bf4 c6 9. Qc2 d5 10. Nbd2 Nbd7 11. e4 Rc8 12. e5 Ne8 13. Ng5 g6 14. cxd5 cxd5 15. Qd1 Be7 16. Ngf3 b5 17. Re1 Nb6 18. b3 a4 19. Bf1 Qd7 20. Bd3 Rc3 21. Nf1 Ng7 22. Ne3 Rfc8 23. Ng4 Ne8 24. h4 b4 25. h5 R8c7 26. hxg6 hxg6 27. Kg2 axb3 28. axb3 Ng7 29. Nf6+ Bxf6 30. exf6 Nf5 31. Bxc7 Qxc7 32. Bxf5 gxf5 33. Ne5 Qd8 34. Ra7 Rc7 35. Qd2 Qxf6 36. Qxb4 Nc8 37. Rxb7 Rc2 38. Rxf7 Qh6 39. Rh1 1-0


[Site "https://www.chess.com"]

[Event "Titled Tuesday Blitz May 25 2021"]
[White "Koellner, Ruben Gideon"]
[Black "Buchenau, Frank"]
[WhiteFideId "12993093"]
[BlackFideId "4604350"]
[WhiteElo "2518"]
[BlackElo "2255"]
[Result "1-0"]
[Round "09"]
[TimeControl "180+1"]
[Date "2021.05.25"]
[WhiteClock "0:00:09"]
[BlackClock "0:00:03"]

1. d4 e6 2. Nf3 Nf6 3. Nbd2 b6 4. e4 d5 5. e5 Nfd7 6. c3 c5 7. Bd3 Ba6 8. Bxa6 Nxa6 9. Qe2 Nc7 10. O-O Be7 11. Rd1 c4 12. Nf1 b5 13. Ne1 Nb6 14. f4 g6 15. g4 h5 16. h3 hxg4 17. hxg4 Kd7 18. Nf3 Qg8 19. Ng3 Qh7 20. Kf2 Qh3 21. Ng1 Qh2+ 22. Kf3 a5 23. Qxh2 Rxh2 24. N1e2 b4 25. f5 gxf5 26. gxf5 Bh4 27. f6 Nb5 28. Bf4 Na4 29. Nh1 Rxe2 30. Kxe2 bxc3 31. b3 Nb2 32. Rf1 Nxd4+ 33. Ke3 Nc2+ 34. Ke2 Nxa1 35. Rxa1 Nd3 36. Bh2 Nc5 37. bxc4 d4 38. Rd1 d3+ 39. Rxd3+ Nxd3 40. Kxd3 Rb8 41. Kxc3 Rb1 42. Ng3 Ra1 43. Ne4 Rxa2 44. Bf4 a4 45. Nd6 Be1+ 46. Kd3 a3 47. Nxf7 Rf2 48. Be3 1-0


[Site "https://www.chess.com"]

[Event "Titled Tuesday Blitz May 25 2021"]
[White "Kretov, Evgenij"]
[Black "Fernandez, Daniel Howard"]
[WhiteFideId "4167821"]
[BlackFideId "5801605"]
[WhiteElo "2381"]
[BlackElo "2468"]
[Result "1-0"]
[Round "09"]
[TimeControl "180+1"]
[Date "2021.05.25"]
[WhiteClock "0:00:33"]
[BlackClock "0:00:35"]

1. d4 Nf6 2. c4 e6 3. Nc3 Bb4 4. Bg5 h6 5. Bh4 c5 6. d5 Qa5 7. Bxf6 gxf6 8. Qc2 b5 9. e3 bxc4 10. Bxc4 Bb7 11. Rd1 Rg8 12. Ne2 Rxg2 13. dxe6 dxe6 14. Qh7 Ke7 15. Qd3 Qc7 16. Nf4 Rg5 17. Nxe6 Qd7 18. Qh7 Bxc3+ 19. bxc3 Qc6 20. Nxg5 Qxh1+ 21. Ke2 Qxd1+ 22. Kxd1 hxg5 1-0


[Site "https://www.chess.com"]

[Event "Titled Tuesday Blitz May 25 2021"]
[White "Krivonosov, Oleg"]
[Black "Hebden, Mark L"]
[WhiteFideId "11600349"]
[BlackFideId "400084"]
[WhiteElo "2727"]
[BlackElo "2567"]
[Result "1/2-1/2"]
[Round "09"]
[TimeControl "180+1"]
[Date "2021.05.25"]
[WhiteClock "0:00:45"]
[BlackClock "0:01:13"]

1. Nf3 Nf6 2. c4 g6 3. Nc3 Bg7 4. e4 d6 5. d4 O-O 6. Be2 e5 7. O-O Nc6 8. dxe5 Nxe5 9. Bf4 Nfd7 10. Qd2 Nxf3+ 11. Bxf3 Ne5 12. Be2 Be6 13. b3 c6 14. Bh6 f5 15. Bxg7 Kxg7 16. exf5 Bxf5 17. Rad1 Nf7 18. Qd4+ Qf6 19. f4 Rfe8 20. Bf3 a6 21. Qxf6+ Kxf6 22. Rfe1 Rxe1+ 23. Rxe1 h5 24. Kf2 Rc8 25. Ne4+ Bxe4 26. Bxe4 b5 27. Rc1 b4 28. a3 a5 29. axb4 axb4 30. Ra1 g5 31. g3 gxf4 32. gxf4 Nd8 33. Ra6 Ne6 34. Rxc6 Rxc6 35. Bxc6 Nxf4 36. Ke3 Ke5 37. h4 Ng6 38. Be8 Nxh4 39. Bxh5 Nf5+ 40. Kd3 Nd4 41. Bd1 d5 42. cxd5 Kxd5 43. Bh5 Kc5 44. Bf7 Nc6 45. Bg8 1/2-1/2


[Site "https://www.chess.com"]

[Event "Titled Tuesday Blitz May 25 2021"]
[White "Lamaze, Simon"]
[Black "Gelman, Alexander"]
[WhiteFideId "36069264"]
[BlackFideId "4118316"]
[WhiteElo "1938"]
[BlackElo "2375"]
[Result "0-1"]
[Round "09"]
[TimeControl "180+1"]
[Date "2021.05.25"]
[WhiteClock "0:00:12"]
[BlackClock "0:00:43"]

1. d4 Nf6 2. c4 c5 3. d5 d6 4. g3 Nbd7 5. Nc3 h6 6. Bg2 g5 7. e4 Bg7 8. Nge2 Ne5 9. b3 g4 10. Bb2 a6 11. Nf4 b5 12. O-O bxc4 13. bxc4 Kf8 14. Qe2 h5 15. h4 gxh3 16. Bxh3 h4 17. Kg2 Bxh3+ 18. Nxh3 Rb8 19. Rab1 hxg3 20. fxg3 Qc8 21. Nf4 Qg4 22. Ba1 Qxe2+ 23. Ncxe2 Ra8 24. Bxe5 dxe5 25. Nd3 Nxe4 26. Rb7 Bf6 27. Kf3 Nd2+ 28. Kg2 Nxf1 29. Kxf1 Kg7 30. Kg2 Rab8 31. Rxb8 Rxb8 32. Nxc5 Rc8 0-1


[Site "https://www.chess.com"]

[Event "Titled Tuesday Blitz May 25 2021"]
[White "Langner, Ladislav"]
[Black "Provotorov, Ivan"]
[WhiteFideId "300403"]
[BlackFideId "4154657"]
[WhiteElo "2346"]
[BlackElo "2244"]
[Result "0-1"]
[Round "09"]
[TimeControl "180+1"]
[Date "2021.05.25"]
[WhiteClock "0:00:06"]
[BlackClock "0:00:24"]

1. e4 e6 2. d4 d5 3. e5 c5 4. c3 Qb6 5. Nf3 Nc6 6. a3 f6 7. Bd3 c4 8. Bc2 fxe5 9. Nxe5 Nxe5 10. dxe5 g6 11. O-O Bg7 12. Qe2 Nh6 13. Be3 Qc7 14. Bd4 O-O 15. Nd2 Nf5 16. Nf3 Bd7 17. h3 b5 18. g4 Ne7 19. Nh4 Bh6 20. Ng2 g5 21. Qe3 Ng6 22. h4 Nf4 23. Bc5 gxh4 24. Bxf8 Rxf8 25. Nxf4 Bxf4 26. Qh3 Qxe5 27. Rae1 Qg5 28. f3 e5 29. Re2 Bg3 30. Kg2 h5 31. Bf5 Rxf5 32. gxf5 Bxf5 33. Qh1 h3+ 34. Kg1 Bh4+ 35. Rg2 hxg2 36. Qxg2 Qxg2+ 37. Kxg2 Bg5 38. Rd1 Bd3 39. Kf2 Kg7 40. Kg2 Kf6 41. b3 Kf5 42. bxc4 bxc4 43. a4 d4 44. cxd4 exd4 45. a5 Ke5 46. a6 Be2 47. Rb1 c3 48. Rb7 c2 49. Rc7 c1=Q 50. Rxc1 Bxc1 51. f4+ Kxf4 52. Kf2 Bxa6 53. Kg1 Bb7 54. Kh2 Ke4 55. Kg3 Kd5 56. Kh4 Bc8 57. Kxh5 Bd7 58. Kh4 Be8 59. Kg3 a6 60. Kf2 a5 61. Ke1 a4 62. Kd1 a3 63. Kxc1 a2 64. Kb2 a1=Q+ 65. Kxa1 Ke4 66. Kb1 Ke3 67. Kc1 Ke2 0-1


[Site "https://www.chess.com"]

[Event "Titled Tuesday Blitz May 25 2021"]
[White "Lazavik, Denis"]
[Black "Rustemov, Alexander"]
[WhiteFideId "13515110"]
[BlackFideId "4119002"]
[WhiteElo "2436"]
[BlackElo "2720"]
[Result "1/2-1/2"]
[Round "09"]
[TimeControl "180+1"]
[Date "2021.05.25"]
[WhiteClock "0:00:03"]
[BlackClock "0:00:16"]

1. d4 d5 2. c4 dxc4 3. Nf3 Nf6 4. e3 e6 5. Bxc4 c5 6. O-O a6 7. b3 b5 8. Be2 Bb7 9. a4 bxa4 10. Rxa4 Nbd7 11. Nbd2 Be7 12. Nc4 O-O 13. Bb2 Nb6 14. Ra1 Nxc4 15. Bxc4 Qb6 16. Qe2 a5 17. Rfd1 Rfd8 18. Ne5 cxd4 19. Bxd4 Bc5 20. Bb2 Rxd1+ 21. Qxd1 a4 22. Nd3 a3 23. Bxf6 gxf6 24. Qg4+ Kf8 25. Qh4 Ke7 26. Qxh7 Bd6 27. Qh4 Rg8 28. Ne1 Qb4 29. Qh7 Qc3 30. Rd1 Rd8 31. Qb1 Bxh2+ 32. Kxh2 Rxd1 33. Qxd1 a2 34. Nc2 Be4 35. Na1 Bb1 36. Qd4 Qb4 37. Qa7+ Kf8 38. Qd4 e5 39. Qd5 Bg6 40. Qd1 Qc3 41. Bd5 Bb1 42. Qh5 Bg6 43. Qd1 Bb1 44. Qh5 Bg6 45. Qd1 1/2-1/2


[Site "https://www.chess.com"]

[Event "Titled Tuesday Blitz May 25 2021"]
[White "Le, Tuan Minh"]
[Black "Abdusattorov, Nodirbek"]
[WhiteFideId "12401153"]
[BlackFideId "14204118"]
[WhiteElo "2450"]
[BlackElo "2662"]
[Result "0-1"]
[Round "09"]
[TimeControl "180+1"]
[Date "2021.05.25"]
[WhiteClock "0:00:01"]
[BlackClock "0:00:12"]

1. d4 Nf6 2. Nf3 b6 3. Bf4 Bb7 4. e3 g6 5. h3 Bg7 6. Be2 O-O 7. O-O d6 8. c4 Nbd7 9. Nc3 Ne4 10. Nxe4 Bxe4 11. Rc1 c5 12. Qd2 h6 13. Rfd1 Nf6 14. b4 Qc7 15. a3 Rac8 16. Qe1 Qb7 17. Qf1 Bc6 18. Nd2 Ba4 19. Re1 Nd7 20. Nf3 e5 21. Bg3 Rfe8 22. dxe5 dxe5 23. Bd1 Bxd1 24. Rcxd1 e4 25. Nd2 cxb4 26. axb4 Bc3 27. b5 Nc5 28. Re2 Red8 29. Nb1 Ba5 30. Rxd8+ Rxd8 31. Be5 Nd3 32. Bc3 Bxc3 33. Nxc3 Rc8 34. Ra2 Rxc4 35. Ne2 Rc7 36. Qa1 Qd5 37. Kh2 Qxb5 38. Rxa7 Rxa7 39. Qxa7 Qe5+ 40. Kg1 b5 41. Nd4 b4 42. Qb7 Qf6 43. f3 exf3 44. Nxf3 Qc3 45. Nd4 Qe1+ 46. Kh2 Qxe3 47. Qc8+ Kg7 48. Qc4 h5 49. Qc5 Nxc5 0-1


[Site "https://www.chess.com"]

[Event "Titled Tuesday Blitz May 25 2021"]
[White "Leitao, Rafael"]
[Black "Timofeev, Artyom"]
[WhiteFideId "2101246"]
[BlackFideId "4140419"]
[WhiteElo "2609"]
[BlackElo "2582"]
[Result "0-1"]
[Round "09"]
[TimeControl "180+1"]
[Date "2021.05.25"]
[WhiteClock "0:00:14"]
[BlackClock "0:00:19"]

1. c4 Nf6 2. Nc3 d5 3. cxd5 Nxd5 4. g3 Nb6 5. Bg2 g6 6. d3 Bg7 7. h4 h6 8. Nf3 Nc6 9. Be3 e5 10. Qd2 Nd4 11. Bxd4 exd4 12. Ne4 O-O 13. Rc1 c6 14. Nc5 Nd5 15. Nb3 Qb6 16. Rc4 Re8 17. O-O a5 18. Nbxd4 a4 19. Rfc1 Bd7 20. e4 Nc7 21. h5 g5 22. Qb4 Ra6 23. R1c2 Qxb4 24. Rxb4 b5 25. a3 Bf8 26. b3 c5 27. bxa4 cxb4 28. Rxc7 bxa3 29. Rxd7 a2 30. Nc2 b4 31. Rb7 Rc8 32. Nfd4 Rxa4 33. e5 Bc5 34. Bd5 Bxd4 35. Bxf7+ Kh8 36. e6 Rxc2 37. e7 a1=Q+ 0-1


[Site "https://www.chess.com"]

[Event "Titled Tuesday Blitz May 25 2021"]
[White "Loy, Konstantin"]
[Black "Von Buelow, Georg"]
[WhiteFideId "14122499"]
[BlackFideId "4620658"]
[WhiteElo "2084"]
[BlackElo "2233"]
[Result "1-0"]
[Round "09"]
[TimeControl "180+1"]
[Date "2021.05.25"]
[WhiteClock "0:01:07"]
[BlackClock "0:00:53"]

1. e4 c5 2. Nf3 d6 3. d4 cxd4 4. Qxd4 a6 5. c4 Nc6 6. Qd3 g6 7. h3 Bg7 8. Nc3 Nf6 9. Be2 O-O 10. Be3 Bd7 11. O-O Qa5 12. a3 Rfb8 13. b4 Qd8 14. Rac1 b5 15. c5 dxc5 16. Bxc5 Be6 17. Qe3 Nd7 18. Nd5 Nxc5 19. Rxc5 Bd7 20. Rfc1 Rc8 21. R5c2 e6 22. Nb6 1-0


[Site "https://www.chess.com"]

[Event "Titled Tuesday Blitz May 25 2021"]
[White "Maevsky, Nikolay"]
[Black "SmirnovAlexandrA"]
[WhiteFideId "4198220"]
[WhiteElo "2282"]
[BlackElo "2366"]
[Result "1-0"]
[Round "09"]
[TimeControl "180+1"]
[Date "2021.05.25"]
[WhiteClock "0:01:42"]
[BlackClock "0:01:57"]

1. d4 Nf6 2. Nf3 g6 3. c4 Bg7 4. Nc3 O-O 5. e4 d6 6. Be2 e5 7. d5 a5 8. Bg5 Na6 9. Nd2 h6 10. Bh4 Qe8 11. O-O g5 12. Bg3 Nc5 13. f3 Nh5 14. Bf2 Na6 15. g3 Qe7 16. Re1 Bd7 17. a3 c6 18. f4 Nf6 19. f5 Ne8 20. Bb6 Nc5 21. b4 axb4 22. axb4 Rxa1 23. Qxa1 Na6 24. dxc6 bxc6 25. Qxa6 d5 26. Bc5 1-0


[Site "https://www.chess.com"]